 Dungeon Crawl Stone Soup version 0.19.4-9-g45fd643 (webtiles) character file.

54 oplop the Chiller (level 3, -23/23 HPs)
             Began as an Octopode Ice Elementalist on Feb 21, 2017.
             Killed from afar by Ijyb (26 damage)
             ... with a wand of lightning
             ... on level 2 of the Dungeon.
             The game lasted 00:01:24 (1046 turns).

oplop the Chiller (Octopode Ice Elementalist)       Turns: 1046, Time: 00:01:24

Health: -23/23     AC:  1    Str:  7    XL:     3   Next: 91%
Magic:  3/6        EV: 13    Int: 18    God:
Gold:   66         SH:  0    Dex: 12    Spells: 1 memorised, 5 levels left

rFire  . . .     SeeInvis .     (no weapon)
rCold  . . .     Gourm    .     (no shield)
rNeg   . . .     Faith    .     (helmet restricted)
rPois  .         Spirit   .     (no amulet)
rElec  .         Reflect  .     (no ring)
rCorr  .         Harm     .     (no ring)
MR     .....                    (no ring)
Stlth  +++.......               (no ring)
                                (no ring)
                                (no ring)
                                (no ring)
                                (no ring)

@: no status effects
A: almost no armour, stealthy swim, amphibious, 8 rings, constrict 8, camouflage
1, gelatinous body 1
a: no special abilities


You were on level 2 of the Dungeon.
You were hungry.

You visited 1 branch of the dungeon, and saw 2 of its levels.

You collected 66 gold pieces.

Inventory:

Wands
 m - a wand of digging (12/24)
Scrolls
 c - 5 scrolls of identify {unknown}
 d - a scroll of amnesia {unknown}
 e - 2 scrolls of noise {unknown}
 i - a scroll of remove curse {unknown}
 j - 2 scrolls of fog {unknown}
Potions
 f - 2 potions of heal wounds {unknown}
 g - a potion of berserk rage {unknown}
 h - a potion of curing {unknown}
Books
 a - a book of Frost

   Spells                             Type                      Level
   a - Freeze                         Ice                          1
   b - Throw Frost                    Conjuration/Ice              2
   c - Ozocubu's Armour               Charms/Ice                   3
   d - Throw Icicle                   Conjuration/Ice              4
   e - Summon Ice Beast               Ice/Summoning                4
Comestibles
 b - 3 bread rations
 k - a royal jelly
 l - a meat ration


   Skills:
 + Level 1.3 Fighting
 - Level 2.0 Dodging
 - Level 2.6 Stealth
 + Level 2.3 Spellcasting
   Level 1.0 Conjurations
 * Level 4.0 Ice Magic


You had 5 spell levels left.
You knew the following spells:

 Your Spells              Type           Power        Failure   Level  Hunger
a - Freeze                Ice            ###.         3%          1    #......


Dungeon Overview and Level Annotations

Branches:
Dungeon (2/15)

Altars:

Annotations:
D:2 Ijyb


Innate Abilities, Weirdness & Mutations

You cannot wear most types of armour.
You are very stealthy in the water. (Stealth+)
You are amphibious.
You can wear up to eight rings at the same time.
You can use your tentacles to constrict eight enemies at once.
Your skin changes colour to match your surroundings (Stealth+).
Your rubbery body absorbs attacks. (AC +1, EV +1)


Message History

Aiming: Freeze
Press: ? - help, Shift-Dir - straight line, f/p - Ijyb
Aim: Ijyb (moderately wounded, constricted by you)
You freeze Ijyb.
Ijyb is moderately wounded.
You constrict Ijyb, but do no damage.
Ijyb zaps a wand.
The bolt of lightning hits you!
Ouch! That really hurt!
* * * LOW HITPOINT WARNING * * *
It is a wand of lightning.
Casting: Freeze
Confirm with . or Enter, or press ? or * to list all spells.
Aiming: Freeze
Press: ? - help, Shift-Dir - straight line, f/p - Ijyb
Aim: Ijyb, carrying a wand of lightning {zapped: 1} (moderately wounded, constricted by you)
You freeze Ijyb.
Ijyb is heavily wounded.
You constrict Ijyb.
Ijyb zaps a wand.
The bolt of lightning hits you!
Ouch! That really hurt!
You die...

#####
#######...#
###.......#.#
#.....g@....#
#.#.######..#
.######..#
.........#
######...#
###...###
#.......######
#.....)......#
#........#...###


You could see Ijyb.

Vanquished Creatures
  An adder (D:2)
  5 dart slugs
  2 leopard geckos
  3 bats
  A giant cockroach (D:1)
  5 goblins
  6 hobgoblins
  A jackal (D:1)
  A frilled lizard (D:1)
  5 kobolds
  3 rats
33 creatures vanquished.

Notes
Turn   | Place    | Note
-------+----------+-------------------------------------------
     0 | D:1      | oplop the Octopode Ice Elementalist began the quest for the Orb.
     0 | D:1      | Reached XP level 1. HP: 11/11 MP: 3/3
    17 | D:1      | Reached XP level 2. HP: 15/18 MP: 3/5
   362 | D:1      | Reached skill level 1 in Fighting
   497 | D:1      | Reached XP level 3. HP: 22/23 MP: 6/6
   974 | D:2      | Reached skill level 4 in Ice Magic
  1038 | D:2      | Noticed Ijyb
  1046 | D:2      | Killed from afar by Ijyb

Skill      XL: |  1  2  3 |
---------------+----------+-----
Fighting       | 1 |  1.3
Ice Magic      | 4 |  4.0
Dodging        | |  2.0
Stealth        | |  2.6
Spellcasting   | |  2.3
Conjurations   | |  1.0

Action                   || total
-------------------------++-------
Melee: Unarmed           ||    98
       Constrict         ||    30
       Tentacles         ||    13
 Cast: Freeze            ||    10
 Stab: Sleeping          ||    13
Armor: Skin              ||     3
Dodge: Dodged            ||    62
